 Dungeon Crawl Stone Soup version 0.17-a0-1056-g838d5c0 (webtiles) character file.

406 Hanyuu the Insei (level 6, -3/41 HPs)
             Began as an Octopode Transmuter on May 16, 2015.
             Slain by an ogre
             ... wielding a +0 giant club
              (22 damage)
             ... on level 4 of the Dungeon.
             The game lasted 00:10:08 (3969 turns).

Hanyuu the Insei (Octopode Transmuter)              Turns: 3969, Time: 00:10:09

Health: -3/41      AC:  2    Str:  9    XL:     6   Next: 87%
Magic:  6/9        EV: 20    Int: 17    God:
Gold:   159        SH:  0    Dex: 18    Spells: 3 memorised, 3 levels left

rFire  . . .     SeeInvis +       - Unarmed
rCold  . . .     Clarity  .     (shield currently unavailable)
rNeg   . . .     SustAb   .     (helmet currently unavailable)
rPois  x         Gourm    .     (no amulet)
rElec  .         Spirit   .     t - ring of see invisible
rCorr  .         Warding  .     (no ring)
rMut   .         Stasis   .     (no ring)
MR     .....                    (no ring)
Stlth  ++........               (no ring)
                                (no ring)
                                (no ring)
                                (no ring)

@: spider-form, not resistant to hostile enchantments, unstealthy
A: almost no armour, amphibious, 8 rings, (constrict 8), (camouflage 0),
(gelatinous body 0)
a: End Transformation


You were on level 4 of the Dungeon.
You were not hungry.
You were a venomous arachnid creature.
You visited 1 branch of the dungeon, and saw 4 of its levels.

You collected 159 gold pieces.

Inventory:

Hand weapons
 g - a +0 hunting sling
 p - a +0 hunting sling
 u - a +2 hunting sling of velocity
Missiles
 a - 67 arrows
 k - 11 arrows of frost
 o - a throwing net (quivered)
Jewellery
 t - a ring of see invisible (left front leg)
Scrolls
 e - 2 scrolls of remove curse
 h - a scroll of amnesia {unknown}
 l - a scroll of teleportation {unknown}
 n - a scroll of fog {unknown}
 s - 3 scrolls of identify {unknown}
Potions
 d - a potion of mutation {unknown}
 f - a potion of curing {unknown}
 i - a potion of agility {unknown}
 m - a potion of lignification {unknown}
 q - 2 potions of heal wounds {unknown}
 v - a potion of beneficial mutation {unknown}
Books
 b - a book of Changes

   Spells                             Type                      Level
   a - Beastly Appendage              Transmutation                1
   b - Sticks to Snakes               Transmutation                2
   c - Spider Form                    Transmutation/Poison         3
   d - Ice Form                       Ice/Transmutation            4
   e - Blade Hands                    Transmutation                5
Comestibles
 c - 5 bread rations
 j - a meat ration
 r - 4 chunks of flesh


   Skills:
 + Level 2.4 Fighting
 - Level 2.0 Dodging
 + Level 6.5 Unarmed Combat
 - Level 2.0 Spellcasting
 - Level 3.2 Transmutations


You had 3 spell levels left.
You knew the following spells:

 Your Spells              Type           Power        Failure   Level  Hunger
a - Beastly Appendage     Trmt           ##....       17%         1    #......
b - Sticks to Snakes      Trmt           ##........   24%         2    ###....
c - Spider Form           Trmt/Pois      #.........   52%         3    ###....


Dungeon Overview and Level Annotations

Branches:
Dungeon (4/15)
 Temple: D:4-7

Altars:
Ashenzari
Ru
Trog


Innate Abilities, Weirdness & Mutations

You cannot wear most types of armour.
You are amphibious.
You can wear up to eight rings at the same time.
((You can use your tentacles to constrict eight enemies at once.))
((Your skin changes colour to match your surroundings (Stealth).))
((Your rubbery body absorbs attacks (AC +1).))


Message History

You tentacle-slap the hobgoblin.
You kill the hobgoblin!
Some of the chunks of flesh in your inventory have rotted away.
An ogre comes into view. It is wielding a giant club.
The ogre shouts!
The ogre hits you with a giant club!
Casting: Spider Form
Confirm with . or Enter, or press ? or * to list all spells.
You turn into a venomous arachnid creature.
The ogre misses you.
You hit the ogre.
The ogre is poisoned.
The ogre is lightly wounded.
The ogre closely misses you.
You barely miss the ogre.
The ogre is lightly wounded.
You hit the ogre.
The ogre looks even sicker.
The ogre is moderately wounded.
The ogre hits you with a giant club!!
Ouch! That really hurt!
You die...

#.##########.##..#.#.########..##
...................†........<....
#....................########..##
##.....................######..##
##........##................#..##
##....)...##...##..###.####.#..##
#####'######....#..###.[..#.#....
#.# #O#..#........#.... ##.######
#.s..#........#.... +###.......#
##...#............. ........##.#
#...#.......)#..## ........##.#
#...#........#..#
........'..#..##...#........#..##
.....†..##.#.........###..#.....#
........##.#....................#
........##.#...##...............#
........##.#...# >#.###........#


You could see an ogre.

Vanquished Creatures
  An ogre (D:4)
  An orc wizard (D:3)
  An orc priest (D:4)
  Jessica (D:3)
  A giant frog skeleton (D:4)
  6 adders
  4 gnolls (D:2)
  2 oozes
  3 worms (D:2)
  11 orcs
  A ball python (D:2)
  5 giant cockroaches
  8 hobgoblins
  7 jackals
  15 bats
  5 giant newts
  5 goblins
  5 kobolds
  2 quokkas
  12 rats
96 creatures vanquished.

Notes
Turn   | Place    | Note
--------------------------------------------------------------
     0 | D:1      | Hanyuu the Octopode Transmuter began the quest for the Orb.
     0 | D:1      | Reached XP level 1. HP: 13/13 MP: 3/3
   188 | D:1      | Reached XP level 2. HP: 18/18 MP: 5/5
   786 | D:1      | Reached skill level 4 in Unarmed Combat
   790 | D:1      | Learned a level 2 spell: Sticks to Snakes
   872 | D:1      | Reached XP level 3. HP: 19/23 MP: 6/6
   877 | D:1      | Learned a level 3 spell: Spider Form
  1029 | D:2      | Found a sacrificial altar of Ru.
  1882 | D:2      | Reached XP level 4. HP: 19/28 MP: 7/7
  2079 | D:2      | Reached skill level 5 in Unarmed Combat
  2571 | D:3      | Noticed Jessica
  2698 | D:3      | Found a bloodstained altar of Trog.
  2721 | D:3      | Reached XP level 5. HP: 27/33 MP: 8/8
  3001 | D:3      | Killed Jessica
  3106 | D:3      | Found a shattered altar of Ashenzari.
  3400 | D:3      | Reached skill level 6 in Unarmed Combat
  3458 | D:3      | Reached XP level 6. HP: 23/38 MP: 7/9
  3969 | D:4      | Slain by an ogre

Vault maps used:
D:1:      sevenhm_arrival_forest_fort_small_5, minmay_cupped
D:2:      serial_park_square1, overflow_temple_1_default, first_bread,
          roderic_lattice_a
D:3:      ashenzari_altar_1, bh_chokoban, trog_three_pillars_becter,
          uniq_jessica

Action                   |  1- 3 |  4- 6 || total
-------------------------+-------+-------++-------
Melee: Unarmed           |    93 |   152 ||   245
 Cast: Beastly Appendage |     3 |     4 ||     7
       Spider Form       |       |     9 ||     9
  Use: Scroll            |     1 |       ||     1
 Stab: Sleeping          |     4 |     7 ||    11
       Distracted        |       |     1 ||     1
  Eat: Chunk             |     3 |     9 ||    12
